Map: Berlingrad LE

Players

JackBauer

  • Race: Zerg Zerg
  • League: Platinum
  • Spawn Location: 5:00

Vesper - Winner!

  • Race: Zerg Zerg
  • League: Platinum
  • Spawn Location: 11:00

VOD

Have the link to the VOD?

Description

Time

  • Played on: June 25, 2022, 8:27 a.m.
  • Length: 4:12
Show
View Real Time Build Order
Export as new Build Order

JackBauer Zerg 

Build Orders: Hatch First 

Get SALT Encoding   

  12  0:00  Drone  
  13  0:13  Overlord  
  13  0:20  Drone  
  14  0:31  Drone x2  
  16  0:52  Hatchery  
  16  0:53  Drone  
  16  1:08  Spawning Pool  
  15  1:12  Extractor  
  15  1:13  Drone  
  15  1:17  Drone  
  16  1:22  Drone  
  17  1:36  Drone x2  
  19  1:55  Queen  
  21  2:03  Overlord  
  21  2:04  Queen  
  21  2:07  Drone  
  24  2:09  Zergling x2  
  24  2:15  Metabolic Boost  
  25  2:28  Zergling x2  
  25  2:29  Zergling x6  
  29  2:31  Zergling x2  
  30  2:54  Zergling x8  
  34  2:59  Baneling Nest  
  34  3:04  Drone x2  
  35  3:16  Overlord  
  35  3:19  Zergling x2  
  36  3:20  Overlord  
  31  3:47  Zergling x16  
Show
View Real Time Build Order
Export as new Build Order

Vesper Zerg - Winner!

Build Orders: Hatch First 

Get SALT Encoding   

  12  0:00  Drone  
  13  0:12  Overlord  
  13  0:16  Drone  
  14  0:30  Drone x2  
  16  0:48  Hatchery  
  15  0:52  Drone  
  15  0:56  Drone  
  17  0:59  Drone  
  18  1:06  Extractor  
  17  1:14  Spawning Pool  
  17  1:18  Drone  
  17  1:21  Drone  
  18  1:28  Drone  
  19  1:38  Drone  
  20  1:51  Overlord  
  20  2:00  Queen  
  20  2:01  Queen  
  22  2:02  Zergling x4  
  26  2:13  Metabolic Boost  
  26  2:17  Zergling x4  
  28  2:23  Zergling x2  
  28  2:24  Zergling x2  
  30  2:35  Baneling Nest  
  30  2:36  Overlord  
  29  2:37  Zergling x2  
  29  2:43  Zergling x2  
  29  2:44  Zergling x2  
  32  2:57  Zergling x4  
  34  3:06  Zergling x2  
  34  3:07  Zergling x2  
  36  3:18  Zergling x8  
  36  3:19  Zergling x4  
  42  3:20  Baneling x3  
  42  3:21  Baneling x2  
  42  3:38  Zergling x2  
  42  3:39  Zergling x2  
  41  3:47  Zergling x4  
  43  3:51  Zergling x2  
Tags
 
Add a new tag
Caveats
  • Supply blocks, unpowered buildings, or Contaminate may cause inaccurate times.
  • Supply counts are checked every 10 seconds.